Unix NetHack Version 3.7.0-73 Work-in-progress - last build Feb 17 2023 02:16:44 (48fe2e8c4a70f1d2d5b622443eb9b5bc1b8d05f7,branch:master). Game began 2023-02-22 11:27:07, ended 2023-02-22 11:32:58. Gandelf, neutral male human Monk --- ---0)-------- ---%..Gh.@?.....- |........).---- | -..G........- |.........G...| --...--.......| -...--.......| .... ........- ..... .........| ...........--....| -...........| ----- |..........-- |.......... |.......--.- |.......|--- --......| ---.|.-- ---- Gandelf the Novice St:18/02 Dx:13 Co:11 In:10 Wi:10 Ch:11 Neutral S:895 Dlvl:5 $:19 HP:0(39) Pw:30(30) AC:4 Xp:5/169 T:579 Latest messages: The gnome misses! You kill the gnome! The gnome misses! You kill the gnome! You see here a gnome corpse. You hit the iguana! You kill the iguana! With great effort you move the boulder. You see here a whistle. D - a whistle. What do you want to use or apply? [cjD or ?*] D You produce a high whistling sound. What do you want to call? [enrsuyA-D or ?*] D Call a whistle: tin whistle You hit the gnome lord! The gnome lord hits! You kill the gnome lord! E - 9 darts. F - a red gem. The gnome king hits! You hit the gnome king! The gnome king hits! You hit the gnome king! The gnome king just misses! You kill the gnome king! Welcome to experience level 5. You feel stealthy! G - a slime mold. You descend the stairs. You kill the gnome! The gnome wields a rotted bow! The gnome lord picks up a gem. With great effort you move the boulder. The gnome wields a crossbow! The gnome shoots 2 arrows! The 1st arrow misses you. You are hit by the 2nd arrow! The dwarf wields a dagger! The gnome picks up a food ration. The gnome lord hits! The dwarf hurls a swirly potion! The flagon crashes on your head and breaks into shards. The swirly potion evaporates. You yawn. The gnome shoots 2 crossbow bolts! You are hit by the 1st crossbow bolt. You hear the howling of the CwnAnnwn... You are hit by the 2nd crossbow bolt! You die... Do you want your possessions identified? [ynq] (y) q Inventory: Coins $ - 19 gold pieces Weapons w - 5 +1 darts E - 9 +0 darts v - a +0 dagger o - a +0 club Armor a - a blessed +2 pair of leather gloves (being worn) x - an uncursed +0 pair of iron shoes z - an uncursed +1 dwarvish cloak b - a blessed +1 robe (being worn) Comestibles G - an uncursed slime mold g - 7 uncursed apples q - an uncursed candy bar labeled "Fruity Oaty" k - an uncursed carrot f - 3 uncursed food rations t - an uncursed food ration i - 4 uncursed fortune cookies h - 6 uncursed oranges l - an uncursed pear m - an uncursed lichen corpse Scrolls A - a cursed scroll of create monster d - an uncursed scroll of teleportation Spellbooks c - a blessed spellbook of protection Potions s - an uncursed potion of sickness C - a potion of holy water e - 3 uncursed potions of water n - an uncursed potion of water Rings B - a cursed ring of hunger Tools j - a magic marker (0:40) D - an uncursed tin whistle Gems/Stones F - an uncursed jasper stone y - an uncursed topaz stone u - an uncursed worthless piece of blue glass r - 2 uncursed worthless pieces of violet glass Gandelf the Monk's attributes: Background: You were a Novice, a level 5 male human Monk. You were neutral, on a mission for Chih Sung-tzu who was opposed by Shan Lai Ching (lawful) and Huan Ti (chaotic). You were in the Gnomish Mines, on level 5. You entered the dungeon 579 turns ago. There was a new moon in effect when your adventure ended. You had 169 experience points, 151 more were needed to attain level 6. Your score was 895 before end-of-game adjustments. Basics: You had 0 out of 39 hit points. You had all 30 energy points (spell power). Your armor class was 4. Your wallet contained 19 zorkmids. Autopickup was on for '$?!+/=' plus thrown. Final Characteristics: Your strength was 18/02 (limit:18/100). Your dexterity was 13 (limit:18). Your constitution was 11 (limit:18). Your intelligence was 10 (limit:18). Your wisdom was 10 (limit:18). Your charisma was 11 (limit:18). Final Status: You were not hungry. You were unencumbered. You were empty handed. You had basic skill with martial arts. Final Attributes: You were fervently aligned. You were sleep resistant. You were poison resistant. You saw invisible. You were stealthy. You were guarded. You were fast. You are dead. Miscellaneous: You never encountered a bones level. Total elapsed playing time was 5 minutes and 50 seconds. Major events: Turn 1: Gandelf the neutral male human Monk entered the dungeon 331: entered the Gnomish Mines 370: attained the rank of Novice (level 3) 579: killed by a crossbow bolt Vanquished creatures: a gnome ruler a gnome leader a dwarf an iguana an acid blob a coyote a hobbit a giant rat 10 gnomes a jackal 2 kobolds a goblin 2 grid bugs 2 lichens 3 newts 29 creatures vanquished. No species were genocided or became extinct. Voluntary challenges: You went without food. You were an atheist. You never hit with a wielded weapon. You were illiterate. You never engraved Elbereth. You never genocided any monsters. You never polymorphed an object. You never changed form. You used no wishes. Achievements: You entered the Gnomish Mines. You attained the rank of Novice. The Dungeons of Doom: levels 1 to 3 Level 1: Level 2: A fountain. Level 3: Stairs down to The Gnomish Mines. The Gnomish Mines: levels 4 to 5 Level 4: Level 5: <- You were here. Final resting place for you, killed by a crossbow bolt. Game over: ---------- / \ / REST \ / IN \ / PEACE \ / \ | Gandelf | | 19 Au | | killed by a | | crossbow bolt | | | | | | 2023 | *| * * * | * _________)/\\_//(\/(/\)/\//\/|_)_______ Goodbye Gandelf the Monk... You died in The Gnomish Mines on dungeon level 5 with 894 points, and 19 pieces of gold, after 579 moves. You were level 5 with a maximum of 39 hit points when you died.